Golden Knights vs Jets

Created - 18 novembre 2020 at 21:07

Goals
1 2 3 T
Golden Knights 1 1 1 3
Jets 0 0 1 1
Shots
1 2 3 T
Golden Knights 10 10 12 32
Jets 8 11 9 28

1st period

1. Golden Knights , Zach Werenski 2 (Tomas Hertl 7, Mathew Barzal 2) at 15:35 (PP)

Penalties :
Tyson Barrie (VGK) for Tripping (Minor) at 0:17, Jaccob Slavin (WPG) for Goalie Interference (Minor) at 13:56

2nd period

2. Golden Knights , Artemi Panarin 1 (Jake Guentzel 3, Miro Heiskanen 6) at 1:21

Penalties :
Patrik Nemeth (WPG) for Hooking (Minor) at 12:58, Kasperi Kapanen (WPG) for Hooking (Minor) at 15:28

3rd period

3. Jets , Hampus Lindholm 3 (Mats Zuccarello 5, Ben Bishop) at 3:56 (PP)
4. Golden Knights , Miro Heiskanen 2 (Riley Sheahan 1) at 19:20 (Empty Net)

Penalties :
Tyson Barrie (VGK) for Interference (Minor) at 3:24, Jaccob Slavin (WPG) for Roughing (Minor) at 19:51

Goalie Stats

Semyon Varlamov (VGK), 27 saves from 28 shots - (0,964), W, 3-5-0, 60:00 minutes
Ben Bishop (WPG), 18 saves from 18 shots - (1,000), 33:52 minutes
Alex Stalock (WPG), 11 saves from 13 shots - (0,846), L, 1-1-1, 25:55 minutes

Players Stats for Golden Knights

Player Name              G  A  P  +/- PIM S  H  SB GA TA FO     MP     PP MP  PK MP  
------------------------------------------------------------------------------------
Alex Steen               0  0  0   1  0   2  0  0  0  0  1/1     8:24   0:51   1:36 
Anthony Beauvillier      0  0  0   0  0   0  1  0  0  0  6/14   10:49   0:51   0:00 
Artemi Panarin           1  0  1   1  0   2  1  0  0  0  1/1    20:12   2:44   0:00 
Calle Jarnkrok           0  0  0   0  0   1  1  0  0  0  0/0    10:49   0:51   0:00 
Claude Giroux            0  0  0   0  0   4  2  0  0  0  2/3    20:22   2:01   0:00 
Devon Toews              0  0  0   1  0   0  5  1  0  0  0/0    19:43   0:00   1:30 
Jake Guentzel            0  1  1   1  0   2  2  0  0  0  0/0    20:21   2:53   0:00 
Marcus Foligno           0  0  0   1  0   2  0  0  0  0  1/1     6:52   0:00   0:55 
Mathew Barzal            0  1  1   0  0   1  0  0  0  0  14/27  20:31   2:10   0:00 
Mathew Dumba             0  0  0   0  0   4  4  2  0  0  0/0    15:33   2:36   0:24 
Miro Heiskanen           1  1  2   2  0   1  1  2  0  0  0/0    23:50   3:27   1:51 
Nico Hischier            0  0  0   1  0   0  0  0  0  0  9/24   21:07   2:44   0:55 
Nikita Zaitsev           0  0  0   0  0   2  0  0  0  0  0/0    13:24   0:51   0:00 
Riley Sheahan            0  1  1   1  0   1  0  0  0  0  9/17    7:33   0:00   1:36 
Tomas Hertl              0  1  1   0  0   2  0  0  0  0  1/4    20:31   2:10   0:00 
Tyson Barrie             0  0  0   0  4   1  4  2  0  0  0/0    22:55   2:18   0:00 
Viktor Arvidsson         0  0  0   0  0   3  0  0  0  0  0/0     9:58   0:00   0:00 
Zach Werenski            1  0  1   1  0   4  3  3  0  0  0/0    24:33   2:18   1:17 

Players Stats for Jets

Player Name              G  A  P  +/- PIM S  H  SB GA TA FO     MP     PP MP  PK MP  
------------------------------------------------------------------------------------
Brandon Saad             0  0  0   0  0   2  0  0  0  0  2/2    12:42   0:00   2:42 
Brock Nelson             0  0  0  -1  0   0  1  0  0  0  7/12    8:20   1:02   0:00 
Bryan Rust               0  0  0  -2  0   4  4  0  0  0  1/2    17:15   0:57   0:59 
Carl Soderberg           0  0  0   0  0   1  0  0  0  0  3/3     9:28   0:00   1:42 
Hampus Lindholm          1  0  1  -1  0   6  1  4  0  0  0/0    22:09   1:34   3:08 
Jaccob Slavin            0  0  0  -1  4   1  0  3  0  0  0/0    24:05   0:57   2:20 
Jake Muzzin              0  0  0  -1  0   0  3  0  0  0  0/0    21:27   1:34   2:37 
Jakub Vrana              0  0  0  -1  0   0  0  0  0  0  1/5    19:44   0:57   0:00 
Jay Bouwmeester          0  0  0   0  0   0  2  1  0  0  0/0    16:13   0:00   2:35 
Kasperi Kapanen          0  0  0   0  2   0  4  0  0  0  0/0    20:12   1:34   0:00 
Mats Zuccarello          0  1  1  -1  0   4  0  0  0  0  1/1    16:45   1:34   0:00 
Mika Zibanejad           0  0  0  -1  0   3  1  0  0  0  16/30  20:27   1:29   0:00 
Mikko Koivu              0  0  0   0  0   2  0  0  0  0  7/17   13:09   0:00   2:57 
Nick Foligno             0  0  0   0  0   0  3  0  0  0  0/1    10:00   0:00   0:00 
Nick Suzuki              0  0  0   0  0   2  0  0  0  0  10/19  15:38   0:00   0:22 
Patrik Nemeth            0  0  0   0  2   0  0  0  0  0  0/0    14:27   0:00   0:50 
Tim Schaller             0  0  0   0  0   1  1  0  0  0  0/0    10:34   0:00   2:48 
Torey Krug               0  0  0  -1  0   2  3  0  0  0  0/0    21:36   0:57   0:00 

3 Stars

1 - Miro Heiskanen (VGK)
2 - Zach Werenski (VGK)
3 - Semyon Varlamov (VGK)

Power Play

Golden Knights - 1 on 4 Attempt(s) - 25,00%
Jets - 1 on 2 Attempt(s) - 50,00%

Penalty Kill

Golden Knights - 1 on 2 Attempt(s) - 50,00% - Score 0 goal in Penalty Kill
Jets - 3 on 4 Attempt(s) - 75,00% - Score 0 goal in Penalty Kill

Team Stat

Golden Knights - Hits : 24 - Faceoff Wins : 44 - Blocked Shots : 10 - Penalty Minutes : 4
Jets - Hits : 23 - Faceoff Wins : 48 - Blocked Shots : 8 - Penalty Minutes : 8

Official

Referees : Graham Skilliter and Dan Kelly
Linesman : Colin Gates and Derek Amell

Game Notes

Alex Stalock is injured at 5:55 of 2nd period (Sprained Left Knee)
Ben Bishop enters game at 5:55 of 2nd period
Brock Nelson is injured at 6:29 of 2nd period (Back)
Miro Heiskanen has scored in a empty net!

Finance

Level 1 -- Attendance: 5771 (96,18%) -- Ticket Income 692 520 $
Level 2 -- Attendance: 3393 (67,86%) -- Ticket Income 373 230 $
Level 3 -- Attendance: 1913 (86,95%) -- Ticket Income 191 300 $
Level 4 -- Attendance: 1016 (100,00%) -- Ticket Income 91 440 $
Luxury Box -- Attendance: 613 (76,63%) -- Ticket Income 208 420 $
Game was played at the MTS Center.
Total Attendance: 12706 (84,62%)
Total Ticket Income: 1 556 910 $
Other Income: 762 886 $
Total Income: 2 319 796 $

% Time on Ice - Golden Knights

Lines # - Real PCT - Wanted PCT - Time Play
Normal Forward
1 - 34% - 36% - 17:28
2 - 36% - 36% - 18:21
3 - 19% - 20% - 9:58
4 - 11% - 8% - 5:38
Normal Defense
1 - 40% - 43% - 20:39
2 - 35% - 38% - 18:13
3 - 24% - 19% - 12:33
4 - 0% - 0% - 0:00
PP Forward
1 - 38% - 50% - 2:10
2 - 62% - 50% - 3:35
PP Defense
1 - 40% - 50% - 2:18
2 - 60% - 50% - 3:27
PK Forward
1 - 64% - 60% - 1:36
2 - 36% - 40% - 0:55
PK Defense
1 - 40% - 60% - 1:01
2 - 60% - 40% - 1:30
PK3 Forward
1 - 0% - 60%
2 - 0% - 40%
PK3 Defense
1 - 0% - 65%
2 - 0% - 35%
44 Forward
1 - 0% - 60%
2 - 0% - 40%
44 Defense
1 - 0% - 60%
2 - 0% - 40%
Last Minute Offensive  - 0:00
Last Minute Defensive  - 0:19
Total
Forward - 60:00
Defense - 60:00

% Time on Ice - Jets

Lines # - Real PCT - Wanted PCT - Time Play
Normal Forward
1 - 36% - 41% - 18:39
2 - 29% - 30% - 15:00
3 - 19% - 21% - 10:00
4 - 15% - 8% - 7:46
Normal Defense
1 - 40% - 40% - 20:20
2 - 34% - 32% - 17:16
3 - 27% - 23% - 13:38
4 - 0% - 5% - 0:11
PP Forward
1 - 38% - 60% - 0:57
2 - 62% - 40% - 1:34
PP Defense
1 - 38% - 65% - 0:57
2 - 62% - 35% - 1:34
PK Forward
1 - 77% - 60% - 4:24
2 - 23% - 40% - 1:21
PK Defense
1 - 54% - 60% - 3:08
2 - 46% - 40% - 2:37
PK3 Forward
1 - 0% - 60%
2 - 0% - 40%
PK3 Defense
1 - 0% - 60%
2 - 0% - 40%
44 Forward
1 - 0% - 60%
2 - 0% - 40%
44 Defense
1 - 0% - 60%
2 - 0% - 40%
Last Minute Offensive  - 0:19
Last Minute Defensive  - 0:00
Total
Forward - 60:00
Defense - 60:00

Play-by-Play

1st period


0:01 of 1st period - Nico Hischier wins face-off versus Mika Zibanejad in neutral zone.
0:14 of 1st period - Shot by Kasperi Kapanen.
0:14 of 1st period - Shot Misses the Net.
0:16 of 1st period - Shot by Jaccob Slavin.
0:16 of 1st period - Shot Blocked by Zach Werenski.
0:17 of 1st period - Minor Penalty to Tyson Barrie for Tripping.
0:18 of 1st period - Brock Nelson wins face-off versus Riley Sheahan in Golden Knights zone.
0:29 of 1st period - Shot by Hampus Lindholm.
0:29 of 1st period - Stopped by Semyon Varlamov without a rebound.
0:30 of 1st period - Nico Hischier wins face-off versus Mika Zibanejad in Golden Knights zone.
0:47 of 1st period - Shot by Mika Zibanejad.
0:47 of 1st period - Shot Misses the Net.
0:53 of 1st period - Shot by Torey Krug.
0:53 of 1st period - Shot Misses the Net.
1:44 of 1st period - Shot by Jake Muzzin.
1:44 of 1st period - Shot Misses the Net.
1:46 of 1st period - Shot by Hampus Lindholm.
1:46 of 1st period - Stopped by Semyon Varlamov without a rebound.
1:47 of 1st period - Brock Nelson wins face-off versus Riley Sheahan in Golden Knights zone.
2:08 of 1st period - Nico Hischier is hit by Kasperi Kapanen and loses puck.
2:13 of 1st period - Shot by Brock Nelson.
2:13 of 1st period - Shot Blocked by Miro Heiskanen.
2:15 of 1st period - Shot by Brock Nelson.
2:15 of 1st period - Deflect By Mats Zuccarello.
2:15 of 1st period - Stopped by Semyon Varlamov without a rebound.
2:16 of 1st period - Mika Zibanejad wins face-off versus Riley Sheahan in Golden Knights zone.
2:44 of 1st period - Shot by Jay Bouwmeester.
2:44 of 1st period - Shot Blocked by Mathew Dumba.
2:46 of 1st period - Shot by Brandon Saad.
2:46 of 1st period - Shot Misses the Net.
3:11 of 1st period - Tyson Barrie is hit by Nick Foligno and loses puck.
3:24 of 1st period - Shot by Jake Guentzel.
3:24 of 1st period - Shot Blocked by Jaccob Slavin.
3:40 of 1st period - Shot by Mikko Koivu.
3:40 of 1st period - Shot Misses the Net.
4:46 of 1st period - Jake Muzzin is hit by Anthony Beauvillier and loses puck.
4:57 of 1st period - Shot by Mika Zibanejad.
4:57 of 1st period - Stopped by Semyon Varlamov with a rebound.
5:10 of 1st period - Tomas Hertl is hit by Jake Muzzin and loses puck.
5:20 of 1st period - Icing by Hampus Lindholm.
5:21 of 1st period - Riley Sheahan wins face-off versus Mika Zibanejad in Jets zone.
5:49 of 1st period - Icing by Tyson Barrie.
5:50 of 1st period - Riley Sheahan wins face-off versus Brock Nelson in Golden Knights zone.
7:00 of 1st period - Shot by Artemi Panarin.
7:00 of 1st period - Shot Misses the Net.
8:00 of 1st period - Nick Suzuki is hit by Devon Toews and loses puck.
8:28 of 1st period - Icing by Jakub Vrana.
8:29 of 1st period - Mathew Barzal wins face-off versus Mika Zibanejad in Jets zone.
8:54 of 1st period - Shot by Mathew Barzal.
8:54 of 1st period - Shot Blocked by Hampus Lindholm.
8:56 of 1st period - Shot by Tomas Hertl.
8:56 of 1st period - Shot Misses the Net.
8:58 of 1st period - Shot by Mathew Barzal.
8:58 of 1st period - Shot Misses the Net.
9:00 of 1st period - Shot by Mathew Dumba.
9:00 of 1st period - Deflect By Tomas Hertl.
9:00 of 1st period - Stopped by Alex Stalock with a rebound.
9:02 of 1st period - Shot by Mathew Dumba.
9:02 of 1st period - Stopped by Alex Stalock without a rebound.
9:03 of 1st period - Mikko Koivu wins face-off versus Anthony Beauvillier in Jets zone.
10:11 of 1st period - Icing by Nikita Zaitsev.
10:12 of 1st period - Bryan Rust wins face-off versus Riley Sheahan in Golden Knights zone.
10:12 of 1st period - Mats Zuccarello is hit by Mathew Dumba and loses puck.
10:25 of 1st period - Shot by Riley Sheahan.
10:25 of 1st period - Shot Misses the Net.
10:33 of 1st period - Shot by Alex Steen.
10:33 of 1st period - Stopped by Alex Stalock without a rebound.
10:34 of 1st period - Mika Zibanejad wins face-off versus Mathew Barzal in Jets zone.
10:58 of 1st period - Icing by Tyson Barrie.
10:59 of 1st period - Mathew Barzal wins face-off versus Brock Nelson in Golden Knights zone.
10:59 of 1st period - Claude Giroux is hit by Bryan Rust and loses puck.
11:06 of 1st period - Shot by Brock Nelson.
11:06 of 1st period - Shot Blocked by Zach Werenski.
11:16 of 1st period - Shot by Brock Nelson.
11:16 of 1st period - Shot Misses the Net.
11:18 of 1st period - Shot by Bryan Rust.
11:18 of 1st period - Stopped by Semyon Varlamov without a rebound.
11:19 of 1st period - Mika Zibanejad wins face-off versus Nico Hischier in Golden Knights zone.
11:23 of 1st period - Icing by Nico Hischier.
11:24 of 1st period - Mika Zibanejad wins face-off versus Nico Hischier in Golden Knights zone.
12:39 of 1st period - Shot by Claude Giroux.
12:39 of 1st period - Stopped by Alex Stalock without a rebound.
12:40 of 1st period - Anthony Beauvillier wins face-off versus Nick Suzuki in Jets zone.
13:15 of 1st period - Shot by Nick Foligno.
13:15 of 1st period - Deflect By Nick Suzuki.
13:15 of 1st period - Stopped by Semyon Varlamov without a rebound.
13:16 of 1st period - Mathew Barzal wins face-off versus Brock Nelson in Golden Knights zone.
13:16 of 1st period - Mathew Barzal is hit by Bryan Rust.
13:32 of 1st period - Icing by Zach Werenski.
13:33 of 1st period - Mika Zibanejad wins face-off versus Mathew Barzal in Golden Knights zone.
13:56 of 1st period - Minor Penalty to Jaccob Slavin for Goalie Interference.
13:57 of 1st period - Artemi Panarin wins face-off versus Mikko Koivu in Jets zone.
13:57 of 1st period - Artemi Panarin is hit by Jay Bouwmeester.
14:17 of 1st period - Shot by Mathew Dumba.
14:17 of 1st period - Stopped by Alex Stalock with a rebound.
14:45 of 1st period - Shot by Zach Werenski.
14:45 of 1st period - Stopped by Alex Stalock with a rebound.
14:47 of 1st period - Shot by Jake Guentzel.
14:47 of 1st period - Deflect By Tomas Hertl.
14:47 of 1st period - Shot Misses the Net.
14:49 of 1st period - Shot by Zach Werenski.
14:49 of 1st period - Stopped by Alex Stalock without a rebound.
14:50 of 1st period - Carl Soderberg wins face-off versus Mathew Barzal in Jets zone.
14:56 of 1st period - Icing by Mathew Barzal.
14:57 of 1st period - Carl Soderberg wins face-off versus Tomas Hertl in Golden Knights zone.
14:58 of 1st period - Shot by Hampus Lindholm.
14:58 of 1st period - Stopped by Semyon Varlamov without a rebound.
14:59 of 1st period - Mikko Koivu wins face-off versus Mathew Barzal in Golden Knights zone.
15:01 of 1st period - Tim Schaller is hit by Zach Werenski.
15:35 of 1st period - Shot by Zach Werenski.
15:35 of 1st period - Goal by Zach Werenski - Golden Knights : 1 - Jets : 0.
15:36 of 1st period - Anthony Beauvillier wins face-off versus Mika Zibanejad in neutral zone.
15:39 of 1st period - Jaccob Slavin is hit by Calle Jarnkrok and loses puck.
15:50 of 1st period - Shot by Viktor Arvidsson.
15:50 of 1st period - Stopped by Alex Stalock without a rebound.
15:51 of 1st period - Marcus Foligno wins face-off versus Brock Nelson in Jets zone.
16:17 of 1st period - Icing by Brock Nelson.
16:18 of 1st period - Mats Zuccarello wins face-off versus Tomas Hertl in Jets zone.
17:23 of 1st period - Shot by Artemi Panarin.
17:23 of 1st period - Shot Misses the Net.
18:32 of 1st period - Mathew Dumba is hit by Nick Foligno and loses puck.
18:41 of 1st period - Shot by Nick Foligno.
18:41 of 1st period - Shot Misses the Net.
18:43 of 1st period - Shot by Brandon Saad.
18:43 of 1st period - Stopped by Semyon Varlamov with a rebound.
18:56 of 1st period - Viktor Arvidsson is hit by Jay Bouwmeester.
19:01 of 1st period - Icing by Carl Soderberg.
19:02 of 1st period - Mathew Barzal wins face-off versus Mikko Koivu in Jets zone.
19:26 of 1st period - Off-side.
19:27 of 1st period - Brock Nelson wins face-off versus Riley Sheahan in neutral zone.
19:29 of 1st period - Off-side.
19:30 of 1st period - Brock Nelson wins face-off versus Anthony Beauvillier in neutral zone.
19:34 of 1st period - Torey Krug is hit by Mathew Dumba and loses puck.
19:47 of 1st period - Shot by Anthony Beauvillier.
19:47 of 1st period - Shot Misses the Net.
19:49 of 1st period - Shot by Anthony Beauvillier.
19:49 of 1st period - Deflect By Calle Jarnkrok.
19:49 of 1st period - Stopped by Alex Stalock without a rebound.
19:50 of 1st period - Mika Zibanejad wins face-off versus Mathew Barzal in Jets zone.
Goals for this period are 1 for Golden Knights vs 0 for Jets.
Shots for this period are 10 for Golden Knights vs 8 for Jets.

2nd period


0:01 of 2nd period - Mathew Barzal wins face-off versus Mika Zibanejad in neutral zone.
0:25 of 2nd period - Shot by Jakub Vrana.
0:25 of 2nd period - Shot Misses the Net.
0:27 of 2nd period - Shot by Kasperi Kapanen.
0:27 of 2nd period - Shot Blocked by Tyson Barrie.
0:30 of 2nd period - Jakub Vrana is hit by Zach Werenski and loses puck.
0:48 of 2nd period - Icing by Tomas Hertl.
0:49 of 2nd period - Claude Giroux wins face-off versus Brock Nelson in Golden Knights zone.
0:49 of 2nd period - Claude Giroux is hit by Brock Nelson.
1:21 of 2nd period - Shot by Artemi Panarin.
1:21 of 2nd period - Goal by Artemi Panarin - Golden Knights : 2 - Jets : 0.
1:22 of 2nd period - Nick Suzuki wins face-off versus Anthony Beauvillier in neutral zone.
1:42 of 2nd period - Shot by Nick Foligno.
1:42 of 2nd period - Shot Misses the Net.
2:14 of 2nd period - Icing by Nikita Zaitsev.
2:15 of 2nd period - Mika Zibanejad wins face-off versus Anthony Beauvillier in Golden Knights zone.
2:23 of 2nd period - Off-side.
2:24 of 2nd period - Brock Nelson wins face-off versus Nico Hischier in neutral zone.
2:39 of 2nd period - Shot by Bryan Rust.
2:39 of 2nd period - Shot Misses the Net.
2:53 of 2nd period - Jake Guentzel is hit by Hampus Lindholm and loses puck.
3:06 of 2nd period - Shot by Artemi Panarin.
3:06 of 2nd period - Shot Misses the Net.
3:21 of 2nd period - Mathew Barzal is hit by Jake Muzzin.
4:02 of 2nd period - Torey Krug is hit by Mathew Dumba and loses puck.
4:06 of 2nd period - Icing by Mathew Dumba.
4:07 of 2nd period - Riley Sheahan wins face-off versus Nick Foligno in Golden Knights zone.
4:20 of 2nd period - Shot by Mathew Dumba.
4:20 of 2nd period - Shot Misses the Net.
4:22 of 2nd period - Shot by Alex Steen.
4:22 of 2nd period - Shot Misses the Net.
4:26 of 2nd period - Shot by Riley Sheahan.
4:26 of 2nd period - Stopped by Alex Stalock without a rebound.
4:27 of 2nd period - Nico Hischier wins face-off versus Mikko Koivu in Jets zone.
4:53 of 2nd period - Icing by Mikko Koivu.
4:54 of 2nd period - Tomas Hertl wins face-off versus Mikko Koivu in Jets zone.
4:54 of 2nd period - Tomas Hertl is hit by Torey Krug.
5:03 of 2nd period - Torey Krug is hit by Tyson Barrie and loses puck.
5:12 of 2nd period - Shot by Mikko Koivu.
5:12 of 2nd period - Stopped by Semyon Varlamov with a rebound.
5:14 of 2nd period - Shot by Jaccob Slavin.
5:14 of 2nd period - Stopped by Semyon Varlamov without a rebound.
5:15 of 2nd period - Nico Hischier wins face-off versus Mika Zibanejad in Golden Knights zone.
5:25 of 2nd period - Off-side.
5:26 of 2nd period - Brock Nelson wins face-off versus Mathew Barzal in neutral zone.
5:34 of 2nd period - Mats Zuccarello is hit by Tyson Barrie and loses puck.
5:45 of 2nd period - Shot by Mats Zuccarello.
5:45 of 2nd period - Stopped by Semyon Varlamov without a rebound.
5:46 of 2nd period - Mika Zibanejad wins face-off versus Nico Hischier in Golden Knights zone.
5:53 of 2nd period - Shot by Jake Guentzel.
5:53 of 2nd period - Shot Blocked by Hampus Lindholm.
5:55 of 2nd period - Shot by Artemi Panarin.
5:55 of 2nd period - Stopped by Alex Stalock with a rebound.
5:55 of 2nd period - Alex Stalock from Jets is injured at 5:55 of 2nd period (Sprained Left Knee).
5:55 of 2nd period - Ben Bishop enters game.
5:56 of 2nd period - Brock Nelson wins face-off versus Mathew Barzal in Jets zone.
6:28 of 2nd period - Brock Nelson is hit by Tyson Barrie and loses puck.
6:29 of 2nd period - Brock Nelson from Jets is injured at 6:29 of 2nd period (Back).
6:30 of 2nd period - Mika Zibanejad wins face-off versus Nico Hischier in Golden Knights zone.
6:46 of 2nd period - Shot by Mika Zibanejad.
6:46 of 2nd period - Shot Blocked by Devon Toews.
6:48 of 2nd period - Shot by Jake Muzzin.
6:48 of 2nd period - Shot Misses the Net.
6:50 of 2nd period - Shot by Mika Zibanejad.
6:50 of 2nd period - Shot Misses the Net.
7:28 of 2nd period - Shot by Zach Werenski.
7:28 of 2nd period - Shot Misses the Net.
7:30 of 2nd period - Shot by Tyson Barrie.
7:30 of 2nd period - Stopped by Ben Bishop without a rebound.
7:31 of 2nd period - Mathew Barzal wins face-off versus Bryan Rust in Jets zone.
7:32 of 2nd period - Shot by Claude Giroux.
7:32 of 2nd period - Stopped by Ben Bishop without a rebound.
7:33 of 2nd period - Nick Suzuki wins face-off versus Mathew Barzal in Jets zone.
7:39 of 2nd period - Torey Krug is hit by Tyson Barrie and loses puck.
7:48 of 2nd period - Shot by Mats Zuccarello.
7:48 of 2nd period - Deflect By Bryan Rust.
7:48 of 2nd period - Stopped by Semyon Varlamov without a rebound.
7:49 of 2nd period - Anthony Beauvillier wins face-off versus Mikko Koivu in Golden Knights zone.
8:04 of 2nd period - Shot by Viktor Arvidsson.
8:04 of 2nd period - Stopped by Ben Bishop without a rebound.
8:05 of 2nd period - Mika Zibanejad wins face-off versus Nico Hischier in Jets zone.
8:14 of 2nd period - Shot by Mika Zibanejad.
8:14 of 2nd period - Stopped by Semyon Varlamov without a rebound.
8:15 of 2nd period - Nick Suzuki wins face-off versus Tomas Hertl in Golden Knights zone.
8:36 of 2nd period - Shot by Nick Suzuki.
8:36 of 2nd period - Shot Misses the Net.
8:38 of 2nd period - Shot by Jake Muzzin.
8:38 of 2nd period - Shot Misses the Net.
8:40 of 2nd period - Shot by Nick Suzuki.
8:40 of 2nd period - Shot Misses the Net.
8:42 of 2nd period - Shot by Hampus Lindholm.
8:42 of 2nd period - Stopped by Semyon Varlamov without a rebound.
8:43 of 2nd period - Mika Zibanejad wins face-off versus Nico Hischier in Golden Knights zone.
9:43 of 2nd period - Shot by Mats Zuccarello.
9:43 of 2nd period - Stopped by Semyon Varlamov without a rebound.
9:44 of 2nd period - Nick Suzuki wins face-off versus Mathew Barzal in Golden Knights zone.
9:47 of 2nd period - Shot by Nick Suzuki.
9:47 of 2nd period - Stopped by Semyon Varlamov with a rebound.
9:52 of 2nd period - Icing by Mathew Barzal.
9:53 of 2nd period - Nick Suzuki wins face-off versus Claude Giroux in Golden Knights zone.
9:54 of 2nd period - Shot by Bryan Rust.
9:54 of 2nd period - Stopped by Semyon Varlamov with a rebound.
10:04 of 2nd period - Shot by Bryan Rust.
10:04 of 2nd period - Shot Misses the Net.
10:07 of 2nd period - Nick Suzuki is hit by Miro Heiskanen and loses puck.
10:14 of 2nd period - Shot by Mats Zuccarello.
10:14 of 2nd period - Stopped by Semyon Varlamov without a rebound.
10:15 of 2nd period - Mikko Koivu wins face-off versus Anthony Beauvillier in Golden Knights zone.
10:22 of 2nd period - Shot by Mikko Koivu.
10:22 of 2nd period - Stopped by Semyon Varlamov without a rebound.
10:23 of 2nd period - Anthony Beauvillier wins face-off versus Mika Zibanejad in Golden Knights zone.
12:58 of 2nd period - Minor Penalty to Patrik Nemeth for Hooking.
12:59 of 2nd period - Brandon Saad wins face-off versus Nico Hischier in Jets zone.
12:59 of 2nd period - Brandon Saad is hit by Jake Guentzel.
13:05 of 2nd period - Hampus Lindholm is hit by Artemi Panarin and loses puck.
14:00 of 2nd period - Icing by Nikita Zaitsev.
14:01 of 2nd period - Alex Steen wins face-off versus Mikko Koivu in Golden Knights zone.
15:28 of 2nd period - Minor Penalty to Kasperi Kapanen for Hooking.
15:29 of 2nd period - Mathew Barzal wins face-off versus Mikko Koivu in Jets zone.
15:30 of 2nd period - Shot by Jake Guentzel.
15:30 of 2nd period - Shot Misses the Net.
15:32 of 2nd period - Shot by Zach Werenski.
15:32 of 2nd period - Shot Blocked by Hampus Lindholm.
15:40 of 2nd period - Shot by Zach Werenski.
15:40 of 2nd period - Stopped by Ben Bishop without a rebound.
15:41 of 2nd period - Carl Soderberg wins face-off versus Mathew Barzal in Jets zone.
16:11 of 2nd period - Shot by Mathew Dumba.
16:11 of 2nd period - Stopped by Ben Bishop without a rebound.
16:12 of 2nd period - Brandon Saad wins face-off versus Nico Hischier in Jets zone.
17:04 of 2nd period - Shot by Jake Guentzel.
17:04 of 2nd period - Stopped by Ben Bishop without a rebound.
17:05 of 2nd period - Mathew Barzal wins face-off versus Mikko Koivu in Jets zone.
17:30 of 2nd period - Anthony Beauvillier is hit by Mika Zibanejad and loses puck.
17:39 of 2nd period - Shot by Anthony Beauvillier.
17:39 of 2nd period - Shot Blocked by Jaccob Slavin.
17:48 of 2nd period - Icing by Torey Krug.
17:49 of 2nd period - Riley Sheahan wins face-off versus Jakub Vrana in Jets zone.
18:10 of 2nd period - Shot by Alex Steen.
18:10 of 2nd period - Stopped by Ben Bishop without a rebound.
18:11 of 2nd period - Nico Hischier wins face-off versus Nick Suzuki in Jets zone.
18:21 of 2nd period - Bryan Rust is hit by Devon Toews and loses puck.
18:33 of 2nd period - Icing by Jake Muzzin.
18:34 of 2nd period - Mathew Barzal wins face-off versus Nick Suzuki in Jets zone.
18:41 of 2nd period - Shot by Mathew Barzal.
18:41 of 2nd period - Shot Misses the Net.
19:07 of 2nd period - Claude Giroux is hit by Jake Muzzin and loses puck.
19:16 of 2nd period - Tomas Hertl is hit by Bryan Rust.
19:59 of 2nd period - Kasperi Kapanen is hit by Devon Toews and loses puck.
Goals for this period are 1 for Golden Knights vs 0 for Jets.
Shots for this period are 10 for Golden Knights vs 11 for Jets.

3rd period


0:01 of 3rd period - Mika Zibanejad wins face-off versus Nico Hischier in neutral zone.
0:51 of 3rd period - Miro Heiskanen is hit by Nick Foligno and loses puck.
1:00 of 3rd period - Shot by Brandon Saad.
1:00 of 3rd period - Shot Misses the Net.
1:02 of 3rd period - Shot by Nick Foligno.
1:02 of 3rd period - Shot Misses the Net.
2:13 of 3rd period - Off-side.
2:14 of 3rd period - Mika Zibanejad wins face-off versus Anthony Beauvillier in neutral zone.
2:26 of 3rd period - Off-side.
2:27 of 3rd period - Riley Sheahan wins face-off versus Mika Zibanejad in neutral zone.
2:32 of 3rd period - Shot by Marcus Foligno.
2:32 of 3rd period - Shot Blocked by Hampus Lindholm.
2:37 of 3rd period - Off-side.
2:38 of 3rd period - Claude Giroux wins face-off versus Nick Suzuki in neutral zone.
2:41 of 3rd period - Shot by Claude Giroux.
2:41 of 3rd period - Stopped by Ben Bishop with a rebound.
2:43 of 3rd period - Shot by Mathew Dumba.
2:43 of 3rd period - Stopped by Ben Bishop without a rebound.
2:44 of 3rd period - Mathew Barzal wins face-off versus Mika Zibanejad in Jets zone.
2:44 of 3rd period - Mathew Barzal is hit by Torey Krug.
2:50 of 3rd period - Shot by Claude Giroux.
2:50 of 3rd period - Stopped by Ben Bishop without a rebound.
2:51 of 3rd period - Mathew Barzal wins face-off versus Mika Zibanejad in Jets zone.
2:51 of 3rd period - Claude Giroux is hit by Torey Krug.
2:57 of 3rd period - Shot by Tomas Hertl.
2:57 of 3rd period - Stopped by Ben Bishop without a rebound.
2:58 of 3rd period - Mika Zibanejad wins face-off versus Mathew Barzal in Jets zone.
2:58 of 3rd period - Mika Zibanejad is hit by Claude Giroux.
3:03 of 3rd period - Mika Zibanejad is hit by Zach Werenski and loses puck.
3:24 of 3rd period - Minor Penalty to Tyson Barrie for Interference.
3:25 of 3rd period - Riley Sheahan wins face-off versus Mika Zibanejad in Golden Knights zone.
3:54 of 3rd period - Shot by Mats Zuccarello.
3:54 of 3rd period - Shot Blocked by Mathew Dumba.
3:56 of 3rd period - Shot by Hampus Lindholm.
3:56 of 3rd period - Goal by Hampus Lindholm - Golden Knights : 2 - Jets : 1.
3:57 of 3rd period - Nico Hischier wins face-off versus Nick Suzuki in neutral zone.
4:02 of 3rd period - Shot by Jake Guentzel.
4:02 of 3rd period - Shot Misses the Net.
4:04 of 3rd period - Shot by Nikita Zaitsev.
4:04 of 3rd period - Stopped by Ben Bishop with a rebound.
4:06 of 3rd period - Shot by Nikita Zaitsev.
4:06 of 3rd period - Stopped by Ben Bishop without a rebound.
4:07 of 3rd period - Mikko Koivu wins face-off versus Mathew Barzal in Jets zone.
5:16 of 3rd period - Shot by Nico Hischier.
5:16 of 3rd period - Shot Misses the Net.
5:44 of 3rd period - Nick Suzuki is hit by Jake Guentzel and loses puck.
5:52 of 3rd period - Icing by Jake Muzzin.
5:53 of 3rd period - Anthony Beauvillier wins face-off versus Nick Suzuki in Jets zone.
5:58 of 3rd period - Shot by Viktor Arvidsson.
5:58 of 3rd period - Shot Hit the Post.
6:22 of 3rd period - Shot by Viktor Arvidsson.
6:22 of 3rd period - Stopped by Ben Bishop without a rebound.
6:23 of 3rd period - Mathew Barzal wins face-off versus Mikko Koivu in Jets zone.
7:34 of 3rd period - Shot by Marcus Foligno.
7:34 of 3rd period - Deflect By Riley Sheahan.
7:34 of 3rd period - Shot Blocked by Jay Bouwmeester.
7:44 of 3rd period - Shot by Marcus Foligno.
7:44 of 3rd period - Stopped by Ben Bishop without a rebound.
7:45 of 3rd period - Nick Suzuki wins face-off versus Nico Hischier in Jets zone.
7:49 of 3rd period - Icing by Nick Foligno.
7:50 of 3rd period - Nick Suzuki wins face-off versus Nico Hischier in Jets zone.
8:30 of 3rd period - Brandon Saad is hit by Mathew Dumba and loses puck.
8:57 of 3rd period - Miro Heiskanen is hit by Kasperi Kapanen and loses puck.
9:54 of 3rd period - Shot by Bryan Rust.
9:54 of 3rd period - Shot Misses the Net.
10:04 of 3rd period - Mikko Koivu is hit by Claude Giroux.
10:29 of 3rd period - Icing by Brandon Saad.
10:30 of 3rd period - Nick Suzuki wins face-off versus Riley Sheahan in Jets zone.
10:51 of 3rd period - Shot by Brandon Saad.
10:51 of 3rd period - Stopped by Semyon Varlamov without a rebound.
10:52 of 3rd period - Nico Hischier wins face-off versus Mikko Koivu in Golden Knights zone.
11:34 of 3rd period - Icing by Miro Heiskanen.
11:35 of 3rd period - Jakub Vrana wins face-off versus Nico Hischier in Golden Knights zone.
11:36 of 3rd period - Shot by Torey Krug.
11:36 of 3rd period - Stopped by Semyon Varlamov with a rebound.
11:38 of 3rd period - Shot by Mika Zibanejad.
11:38 of 3rd period - Shot Blocked by Miro Heiskanen.
11:40 of 3rd period - Shot by Torey Krug.
11:40 of 3rd period - Stopped by Semyon Varlamov without a rebound.
11:41 of 3rd period - Mathew Barzal wins face-off versus Mika Zibanejad in Golden Knights zone.
11:54 of 3rd period - Shot by Tomas Hertl.
11:54 of 3rd period - Shot Blocked by Jaccob Slavin.
11:56 of 3rd period - Shot by Claude Giroux.
11:56 of 3rd period - Shot Misses the Net.
12:12 of 3rd period - Shot by Tomas Hertl.
12:12 of 3rd period - Shot Misses the Net.
12:43 of 3rd period - Shot by Hampus Lindholm.
12:43 of 3rd period - Stopped by Semyon Varlamov without a rebound.
12:44 of 3rd period - Nico Hischier wins face-off versus Nick Suzuki in Golden Knights zone.
12:53 of 3rd period - Shot by Artemi Panarin.
12:53 of 3rd period - Shot Misses the Net.
13:06 of 3rd period - Icing by Jake Muzzin.
13:07 of 3rd period - Anthony Beauvillier wins face-off versus Nick Suzuki in Jets zone.
13:30 of 3rd period - Shot by Nick Suzuki.
13:30 of 3rd period - Shot Misses the Net.
13:32 of 3rd period - Shot by Mats Zuccarello.
13:32 of 3rd period - Shot Misses the Net.
13:41 of 3rd period - Icing by Nikita Zaitsev.
13:42 of 3rd period - Mikko Koivu wins face-off versus Anthony Beauvillier in Golden Knights zone.
13:51 of 3rd period - Shot by Carl Soderberg.
13:51 of 3rd period - Stopped by Semyon Varlamov with a rebound.
13:53 of 3rd period - Shot by Tim Schaller.
13:53 of 3rd period - Shot Misses the Net.
13:55 of 3rd period - Shot by Tim Schaller.
13:55 of 3rd period - Stopped by Semyon Varlamov without a rebound.
13:56 of 3rd period - Nico Hischier wins face-off versus Jakub Vrana in Golden Knights zone.
14:05 of 3rd period - Shot by Jake Guentzel.
14:05 of 3rd period - Stopped by Ben Bishop with a rebound.
14:21 of 3rd period - Shot by Jakub Vrana.
14:21 of 3rd period - Shot Blocked by Zach Werenski.
14:23 of 3rd period - Shot by Jay Bouwmeester.
14:23 of 3rd period - Shot Misses the Net.
14:25 of 3rd period - Shot by Kasperi Kapanen.
14:25 of 3rd period - Shot Misses the Net.
14:27 of 3rd period - Shot by Patrik Nemeth.
14:27 of 3rd period - Shot Blocked by Tyson Barrie.
15:13 of 3rd period - Icing by Torey Krug.
15:14 of 3rd period - Mikko Koivu wins face-off versus Anthony Beauvillier in Jets zone.
15:19 of 3rd period - Mathew Dumba is hit by Tim Schaller and loses puck.
16:46 of 3rd period - Kasperi Kapanen is hit by Devon Toews and loses puck.
16:58 of 3rd period - Kasperi Kapanen is hit by Devon Toews and loses puck.
17:07 of 3rd period - Shot by Mika Zibanejad.
17:07 of 3rd period - Stopped by Semyon Varlamov without a rebound.
17:08 of 3rd period - Nick Suzuki wins face-off versus Nico Hischier in Golden Knights zone.
18:06 of 3rd period - Icing by Miro Heiskanen.
18:07 of 3rd period - Riley Sheahan wins face-off versus Jakub Vrana in Golden Knights zone.
18:07 of 3rd period - Riley Sheahan is hit by Kasperi Kapanen.
18:10 of 3rd period - Icing by Miro Heiskanen.
18:11 of 3rd period - Riley Sheahan wins face-off versus Mika Zibanejad in Golden Knights zone.
18:11 of 3rd period - Riley Sheahan is hit by Kasperi Kapanen.
18:23 of 3rd period - Shot by Marcus Foligno.
18:23 of 3rd period - Stopped by Ben Bishop with a rebound.
18:25 of 3rd period - Shot by Devon Toews.
18:25 of 3rd period - Shot Misses the Net.
18:27 of 3rd period - Shot by Alex Steen.
18:27 of 3rd period - Shot Misses the Net.
18:45 of 3rd period - Shot by Miro Heiskanen.
18:45 of 3rd period - Shot Misses the Net.
19:01 of 3rd period - Shot by Mathew Barzal.
19:01 of 3rd period - Stopped by Ben Bishop without a rebound.
19:02 of 3rd period - Mika Zibanejad wins face-off versus Riley Sheahan in Jets zone.
19:07 of 3rd period - Jets, Ben Bishop is pulled from the net.
19:12 of 3rd period - Icing by Miro Heiskanen.
19:13 of 3rd period - Mika Zibanejad wins face-off versus Riley Sheahan in Golden Knights zone.
19:14 of 3rd period - Shot by Bryan Rust.
19:14 of 3rd period - Stopped by Semyon Varlamov without a rebound.
19:15 of 3rd period - Riley Sheahan wins face-off versus Jakub Vrana in Golden Knights zone.
19:20 of 3rd period - Shot by Miro Heiskanen.
19:20 of 3rd period - Goal by Miro Heiskanen - Golden Knights : 3 - Jets : 1.
19:20 of 3rd period - Ben Bishop from Jets was sent back in the game.
19:21 of 3rd period - Mathew Barzal wins face-off versus Nick Suzuki in neutral zone.
19:23 of 3rd period - Off-side.
19:24 of 3rd period - Nick Suzuki wins face-off versus Mathew Barzal in neutral zone.
19:27 of 3rd period - Zach Werenski is hit by Bryan Rust and loses puck.
19:38 of 3rd period - Shot by Mats Zuccarello.
19:38 of 3rd period - Shot Misses the Net.
19:40 of 3rd period - Shot by Nick Suzuki.
19:40 of 3rd period - Shot Misses the Net.
19:51 of 3rd period - Minor Penalty to Jaccob Slavin for Roughing.
19:52 of 3rd period - Mikko Koivu wins face-off versus Nico Hischier in Jets zone.
Goals for this period are 1 for Golden Knights vs 1 for Jets.
Shots for this period are 12 for Golden Knights vs 9 for Jets.